 Dungeon Crawl Stone Soup version 0.30-a0-313-gae38170b09 (webtiles) character file.

Game seed: 14636294760242262257

1241 Bnni the Skirmisher (level 8, -4/48 HPs)
             Began as a Deep Elf Hunter on Oct 26, 2022.
             Was a Follower of Okawaru.
             Killed from afar by an acid dragon (32 damage)
             ... with a splash of acid
             ... on level 6 of the Dungeon.
             The game lasted 00:08:36 (4146 turns).

Bnni the Skirmisher (Deep Elf Hunter)               Turns: 4146, Time: 00:08:37

Health: -4/48      AC:  4    Str:  8    XL:     8   Next: 25%
Magic:  13/13      EV: 17    Int: 15    God:    Okawaru [*.....]
Gold:   252        SH:  0    Dex: 20    Spells: 7/7 levels left

rFire   . . .      SeeInvis .    a - +0 shortbow
rCold   . . .      Faith    .    (shield currently unavailable)
rNeg    + . .      Spirit   .    c - +0 leather armour
rPois   +          Reflect  .    (no helmet)
rElec   .          Harm     .    (no cloak)
rCorr   .          Rampage  .    u - +0 pair of gloves
Will    .....                    (no boots)
Stlth   ++++......               q - amulet of magic regeneration
HPRegen 0.28/turn                x - ring of positive energy
MPRegen 0.53/turn                y - ring of poison resistance

@: heroic
A: no striking features
a: Renounce Religion, Heroism


You were on level 6 of the Dungeon.
You worshipped Okawaru.
Okawaru was aware of your devotion.
You visited 1 branch of the dungeon, and saw 6 of its levels.

You collected 252 gold pieces.

Inventory:

Hand Weapons
 a - a +0 shortbow (weapon)
 o - a +0 dagger of venom
Missiles
 A - a curare-tipped dart
Armour
 c - a +0 leather armour (worn)
 u - a +0 pair of gloves (worn)
Jewellery
 l - a ring of fire
 q - an amulet of magic regeneration (around neck)
 x - a ring of positive energy (left hand)
 y - a ring of poison resistance (right hand)
Wands
 g - a wand of paralysis (8)
 r - a wand of polymorph (8)
 t - a wand of flame (54)
Scrolls
 b - 2 scrolls of immolation
 e - 4 scrolls of noise {unknown}
 k - 2 scrolls of fear {unknown}
 m - 6 scrolls of blinking {unknown}
 p - a scroll of poison
 v - 4 scrolls of teleportation {unknown}
 w - 2 scrolls of enchant armour {unknown}
Potions
 d - a potion of resistance
 f - 2 potions of ambrosia
 h - 5 potions of lignification {unknown}
 i - 2 potions of curing {unknown}
 j - a potion of might
 n - 2 potions of attraction
 s - 2 potions of haste
 z - a potion of flight {unknown}


   Skills:
 + Level 4.1(9.1) Fighting
 * Level 10.2(15.2) Ranged Weapons
 + Level 4.5(9.5) Dodging
 - Level 2.7(7.7) Stealth
 * Level 4.5 Invocations


You had 7 spell levels left.
You didn't know any spells.
Your spell library contained the following spells:

 Spells                   Type           Power      Damage    Failure   Level
 Apportation              Tloc           0%         N/A       36%         1
 Beastly Appendage        Tmut           0%         N/A       36%         1
 Foxfire                  Conj/Fire      0%         2x1d4     36%         1
 Shock                    Conj/Air       0%         1d3       36%         1
 Gell's Gravitas          Tloc           0%         N/A       73%         3
 Lesser Beckoning         Tloc           0%         N/A       73%         3
 Portal Projectile        Hex/Tloc       0%         N/A       73%         3
 Swiftness                Air            0%         N/A       73%         3
 Teleport Other           Tloc           0%         N/A       73%         3
 Airstrike                Air            0%         2d(0-16)  98%         4
 Alistair's Intoxication  Tmut/Pois      0%         N/A       100%        5
 Fireball                 Conj/Fire      0%         3d3       100%        5
 Starburst                Conj/Fire      0%         6d3       100%        6
 Statue Form              Tmut/Erth      0%         N/A       100%        6
 Disjunction              Tloc           0%         N/A       100%        8


Dungeon Overview and Level Annotations

Branches:
Dungeon (6/15)             Temple (0/1) D:4

Altars:
Ashenzari
Gozag
Okawaru
Qazlal
Wu Jian
Xom
The Shining One

Annotations:
D:6 Dowan


Message History

Duvessa hits you with a +0 rapier.
Fire: a) +0 shortbow
Press: ? - help, Q - select action, (/) - cycle Shift-Dir - straight line, f/p - Duvessa
Aim: Duvessa, wielding a +0 rapier and wearing a +0 ring mail (heavily wounded, very poisoned, slow, 77% to hit)
You shoot an arrow. The arrow hits Duvessa!
Duvessa is almost dead.
Fire: a) +0 shortbow
Press: ? - help, Q - select action, (/) - cycle Shift-Dir - straight line, f/p - Duvessa
Aim: Duvessa, wielding a +0 rapier and wearing a +0 ring mail (almost dead, poisoned, slow, 77% to hit)
You shoot an arrow. The arrow hits Duvessa!
You kill Duvessa!
Okawaru accepts your kill.
You hear a distant wail of despair.
Fire: a) +0 shortbow
Press: ? - help, Q - select action, (/) - cycle Shift-Dir - straight line, f - acid dragon
Aim: an acid dragon (72% to hit)
You shoot an arrow. The arrow hits the acid dragon.
The acid dragon is lightly wounded.
Unknown command.
Fire: a) +0 shortbow
Press: ? - help, Q - select action, (/) - cycle Shift-Dir - straight line, f/p - acid dragon
Aim: an acid dragon (lightly wounded, 72% to hit)
You shoot an arrow.
The arrow closely misses the acid dragon.
Unknown command.
Fire: a) +0 shortbow
Press: ? - help, Q - select action, (/) - cycle Shift-Dir - straight line, f/p - acid dragon
Aim: an acid dragon (lightly wounded, 72% to hit)
You shoot an arrow. The arrow hits the acid dragon!
The acid dragon is heavily wounded.
Unknown command.
Fire: a) +0 shortbow
Press: ? - help, Q - select action, (/) - cycle Shift-Dir - straight line, f/p - acid dragon
Aim: an acid dragon (heavily wounded, 72% to hit)
You shoot an arrow.
The arrow closely misses the acid dragon.
The acid dragon spits acid at you. The splash of acid hits you!!
Ouch! That really hurt!
You die...

#..........†...
#######.######
#.# #.# #.# #.#
#)# #D# #@#
#.######
#.....<#
######.# #.#
#.# #.# #.# #.#


You could see an acid dragon (catching breath).

Vanquished Creatures
  Grinder (D:5)
  A water moccasin (D:5)
  Duvessa (D:6)
  An ice beast (D:5)
  A sky beast (D:5)
  2 ogres (D:5)
  A phantom (D:4)
  2 hounds (D:5)
  3 orc wizards
  An iguana (D:5)
  3 gnolls (D:4)
  13 adders
  A shadow imp (D:6)
  A white imp (D:4)
  An ufetubus (D:5)
  2 dart slugs
  17 orcs
  2 bats (D:3)
  6 endoplasms
  A giant cockroach (D:2)
  4 goblins
  5 hobgoblins
  4 jackals (D:1)
  A quokka (D:3)
  10 ball pythons
  4 frilled lizards
  5 kobolds
  2 rats (D:2)
  A spectral kobold (D:1)
97 creatures vanquished.

Vanquished Creatures (others)
  4 plants (D:6)
4 creatures vanquished.

Grand Total: 101 creatures vanquished

Notes
Turn   | Place    | Note
-------+----------+-------------------------------------------
     0 | D:1      | Bnni the Deep Elf Hunter began the quest for the Orb.
     0 | D:1      | Reached XP level 1. HP: 12/12 MP: 3/3
    93 | D:1      | Found a faded altar of an unknown god.
   302 | D:1      | Reached XP level 2. HP: 17/17 MP: 4/4
   856 | D:2      | Reached skill level 6 in Ranged Weapons
   899 | D:2      | Reached XP level 3. HP: 21/21 MP: 5/5
   910 | D:2      | Found a shimmering altar of Xom.
  1231 | D:2      | Reached XP level 4. HP: 26/26 MP: 6/6
  1375 | D:2      | Reached skill level 7 in Ranged Weapons
  1701 | D:3      | Reached XP level 5. HP: 14/31 MP: 7/7
  1958 | D:3      | Found an iron altar of Okawaru.
  1966 | D:3      | Became a worshipper of Warmaster Okawaru
  2108 | D:3      | Found a stormy altar of Qazlal.
  2244 | D:3      | Found a glowing golden altar of the Shining One.
  2755 | D:4      | Noticed a phantom
  2767 | D:4      | Killed a phantom
  2768 | D:4      | Reached skill level 8 in Ranged Weapons
  2768 | D:4      | Reached XP level 6. HP: 32/37 MP: 8/8
  2872 | D:4      | Got the Writings on Changing and Coordinates
  2960 | D:4      | Found an opulent altar of Gozag.
  3071 | D:4      | Found an ornate altar of the Wu Jian Council.
  3132 | D:4      | Found a staircase to the Ecumenical Temple.
  3264 | D:5      | Entered Level 5 of the Dungeon
  3398 | D:5      | Reached skill level 1 in Invocations
  3556 | D:5      | Noticed Grinder
  3557 | D:5      | Reached * piety under Okawaru
  3558 | D:5      | Reached skill level 9 in Ranged Weapons
  3558 | D:5      | Reached XP level 7. HP: 41/41 MP: 10/10
  3569 | D:5      | Killed Grinder
  3730 | D:5      | Found a shimmering altar of Xom.
  3743 | D:5      | Reached XP level 8. HP: 48/48 MP: 11/13
  3789 | D:5      | Reached skill level 10 in Ranged Weapons
  4044 | D:5      | Found a broken altar of Ashenzari.
  4073 | D:6      | Noticed a troll
  4117 | D:6      | Noticed Duvessa
  4118 | D:6      | Noticed Dowan
  4142 | D:6      | Killed Duvessa
  4146 | D:6      | Killed from afar by an acid dragon

Illustrated notes

Levels and vault maps discovered:
D:1:      heliophobic_arrival_battle_scene, layout_loops_corners,
          dreamdust_ecumenical_altar_drowned_temple
D:2:      layout_basic, basic_altar, minmay_snake_closets
D:3:      layout_basic, mainiacjoe_overflow_24_doors, pf_just_have_faith,
          okawaru_trees_1
D:4:      layout_cave_pools, nzn_wu_jian_council_hall,
          mainiacjoe_overflow_tiny_flanked, minmay_temple_entry_glassed_door
D:5:      layout_rooms, mainiacjoe_overflow_cross_hatched,
          mainiacjoe_overflow_alcove_1, uniq_grinder
D:6:      layout_loops_ring, serial_bayou, serial_bayou_shore_b,
          serial_bayou_lagoon_a, serial_bayou_lake_a, serial_bayou_ford_a,
          serial_shops, nicolae_diamond_shop, corexii_shack, minivault_23,
          dreamdust_princess_bridge, kennysheep_generic_room_5, uniq_duvessa

Skill      XL: |  1  2  3  4  5  6  7  8 |
---------------+-------------------------+-----
Stealth        | 2 |  2.7
Ranged Weapons | 6 7 8 9 10 | 10.2
Fighting       | 2 3 4 |  4.1
Invocations    | 2 4 |  4.5
Dodging        | 3 4 |  4.5

Action                   |  1- 3 |  4- 6 |  7- 9 || total
-------------------------+-------+-------+-------++-------
Melee: Dagger            |       |     4 |     3 ||     7
 Fire: Shortbow          |    63 |   187 |    58 ||   308
Throw: Dart              |       |       |     2 ||     2
Invok: Heroism           |       |       |     1 ||     1
  Use: Scroll            |       |     6 |       ||     6
Armor: Leather armour    |     3 |    27 |     4 ||    34
Dodge: Dodged            |    17 |    44 |    14 ||    75

Table legend: (Time is in decaauts)
 A = Elapsed time spent in this place.
 B = Non-inter-level travel time spent in this place.
 C = Inter-level travel time spent in this place.
 D = Time resting spent in this place.
 E = Time spent auto-exploring this place.
 F = Levels seen in this place.
 G = Mean time per level.
                   A        B        C        D        E       F      G
               +--------+--------+--------+--------+--------+-----+--------+
         Total |   4196 |   4092 |    104 |    288 |   3087 |   6 |  699.3 |
       Dungeon |   4196 |   4092 |    104 |    288 |   3087 |   6 |  699.3 |
               +--------+--------+--------+--------+--------+-----+--------+

Top non-repeatable levels by time:
     D:3: 1008 daAuts
     D:2: 908 daAuts
     D:1: 812 daAuts
     D:5: 800 daAuts
     D:4: 578 daAuts
     D:6: 88 daAuts
